 Dungeon Crawl Stone Soup version 0.21-a0-39-g28ea6b7 (webtiles) character file.

21 HereIgoKillingAgain the Changer (level 2, 0/23 HPs)
             Began as a Gnoll Wanderer on May 30, 2017.
             Slain by a kobold (1 damage)
             ... on level 1 of the Dungeon.
             The game lasted 00:00:48 (316 turns).

HereIgoKillingAgain the Changer (Gnoll Wanderer)     Turns: 316, Time: 00:00:49

Health: 0/23       AC:  2    Str: 12    XL:     2   Next: 87%
Magic:  5/5        EV: 11    Int: 13    God:
Gold:   31         SH:  0    Dex: 11    Spells: 5/5 levels left

rFire    . . .     SeeInvis .   a - +2 short sword
rCold    . . .     Gourm    .   (no shield)
rNeg     . . .     Faith    .   d - +0 robe
rPois    .         Spirit   .   (no helmet)
rElec    .         Reflect  .   (no cloak)
rCorr    .         Harm     .   (no gloves)
MR       .....                  (no boots)
Stlth    ++........             (no amulet)
Regen    0.1/turn               (no ring)
MPRegen  0.1/turn               (no ring)

@: no status effects
A: short attention span, fangs 1, strong nose
a: no special abilities


You were on level 1 of the Dungeon.
You were not hungry.

You visited 1 branch of the dungeon, and saw 1 of its levels.

You collected 31 gold pieces.

Inventory:

Hand Weapons
 a - a +2 short sword (weapon)
Armour
 d - a +0 robe (worn)
 k - a +1 cloak
Scrolls
 e - a scroll of identify {unknown}
 g - a scroll of random uselessness {unknown}
 i - a scroll of remove curse {unknown}
Potions
 h - a potion of curing {unknown}
Books
 b - the Volume of Transmutation

   Spells                             Type                      Level
   a - Beastly Appendage              Transmutation                1
   b - Ignite Poison                  Fire/Transmutation/Poison    3
 c - Onigit's Collected Works on Transmutation

   Spells                             Type                      Level
   a - Sticks to Snakes               Transmutation                2
   b - Passwall                       Transmutation/Earth          2
Comestibles
 f - a bread ration
 j - 3 fruits


   Skills:
 + Level 2.4 Fighting
 * Level 3.4 Short Blades
 - Level 1.7 Throwing
 * Level 0.9 Dodging
 * Level 1.7 Stealth
   Level 1.7 Shields
 + Level 2.4 Spellcasting
   Level 4.8 Transmutations
   Level 1.7 Fire Magic


You had 5 spell levels left.
You didn't know any spells.

Dungeon Overview and Level Annotations

Branches:
Dungeon (1/15)

Altars:


Innate Abilities, Weirdness & Mutations

You have a short attention span.
You have very sharp teeth.
Your uncanny sense of smell can sniff out nearby items.


Message History

The dart slug is almost dead.
The dart slug barely misses you.
You hit the dart slug.
You kill the dart slug!
You hit the kobold.
The kobold is moderately wounded.
The kobold hits you.
* * * LOW HITPOINT WARNING * * *
You hit the kobold but do no damage.
The kobold is moderately wounded.
The kobold hits you but does no damage.
You closely miss the kobold.
The kobold is moderately wounded.
The kobold closely misses you.
You barely miss the kobold. The kobold hits you.
* * * LOW HITPOINT WARNING * * *
You hit the kobold. Your bite misses the kobold.
The kobold is severely wounded.
The kobold hits you.
You die...

...... #.##....................
.##...##.##..#####.......######
............# #.#...#.#
#####!..†....# #.##.##.#
###..#(..# #.# .# #
#......#####.# .#
#..#..(......# #####
#..##.)K...### .....
....##..#@#.# #####
###.###..#.# # K. ....#$# ##
###..... ### #.....#
#########.. #...... .
#≈≈≈≈≈≈≈###
#.....#...#≈≈≈≈≈≈≈##
#.........≈≈≈≈.....#
##.....∆..≈≈≈......#


You could see a kobold.

Vanquished Creatures
  An ooze (D:1)
  A dart slug (D:1)
  A leopard gecko (D:1)
  A ball python (D:1)
  2 goblins (D:1)
  3 hobgoblins (D:1)
  A bat (D:1)
  2 kobolds (D:1)
  2 rats (D:1)
14 creatures vanquished.

Notes
Turn   | Place    | Note
-------+----------+-------------------------------------------
     0 | D:1      | HereIgoKillingAgain the Gnoll Wanderer began the quest for the Orb.
     0 | D:1      | HereIgoKillingAgain set off with: a +2 short sword, the Volume of Transmutation, Onigit's Collected Works on Transmutation, a +0 robe, a bread ration
     0 | D:1      | Reached XP level 1. HP: 16/16 MP: 3/3
     0 | D:1      | Identified the Volume of Transmutation
     0 | D:1      | Identified Onigit's Collected Works on Transmutation
   185 | D:1      | Reached XP level 2. HP: 17/23 MP: 5/5
   315 | D:1      | HP: 1/23 [kobold (1)]
   316 | D:1      | Slain by a kobold

Vault maps used:
D:1:      dpeg_arrival_pond, minmay_surrounded

Skill      XL: |  1  2 |
---------------+-------+-----
Short Blades   | 2 3 |  3.4
Spellcasting   | 2 |  2.4
Fighting       | 2 |  2.4
Throwing       | |  1.7
Dodging        | |  0.9
Stealth        | |  1.7
Shields        | |  1.7
Transmutations | |  4.8
Fire Magic     | |  1.7

Action                   || total
-------------------------++-------
Melee: Short sword       ||    53
       Bite              ||     6
Armor: Robe              ||    12
Dodge: Dodged            ||    31
